AoeStats
← ajanderson120

Lombardia

508308812Analyzed
4v4 RM · 12d ago on Sep 21, 2026· 43m 41s· 8 players
Game mode
Random Map
Map size
Large (8 player)
Population
200
Speed
Normal
Resources
Standard
Victory
Conquest
Starting age
Dark Age
Ending age
Imperial Age
RankedLock teamsTeams togetherTeam positionsShared explorationLock speedFull tech treeHidden civsTurbo modeCheats
Victory
Defeat
🇨🇭 Inca · Switzerland
1277
+12
🇪🇸 Chinese · Spain
1269
+12
🇦🇷 Burmese · Argentina
1215
+14
🇧🇷 Hindustanis · Brazil
1164
+17
🇺🇸 Goths · United States
1202
-15
🇨🇴 Gurjaras · Colombia
1178
-14
🇪🇸 Berbers · Spain
1172
-13
🇨🇳 Ethiopians · China
1170
-13
ajanderson120
1:51 Loom
10:05 Feudal Age
11:12 Double-Bit Axe
11:08 Horse Collar
18:23 Castle Age
17:08 Gold Mining
18:42 Stone Mining
20:02 Bow Saw
22:07 Town Watch
23:46 Heavy Plow
26:06 Wheelbarrow
28:10 Hand Cart
32:36 Imperial Age
30:11 Scale Mail Armor
30:21 Forging
30:13 Squires
30:07 Man-at-Arms
30:44 Long Swordsman
30:45 Pikeman
32:12 Chain Mail Armor
32:33 Iron Casting
33:06 Stone Shaft Mining
32:41 Anarchy
32:40 Two-Handed Swordsman
33:40 Perfusion
34:01 Conscription
33:46 Champion
35:54 Blast Furnace
35:34 Elite Huskarl
36:29 Masonry
36:15 Murder Holes
39:08 Caravan
39:06 Halberdier
40:59 Fletching
41:10 Padded Archer Armor
41:40 Ballistics
VenenoMcc
8:37 Loom
10:25 Feudal Age
17:03 Castle Age
17:04 Double-Bit Axe
25:01 Horse Collar
28:10 Wheelbarrow
29:49 Town Watch
32:23 Gold Mining
33:54 Caravan
34:17 Stone Mining
34:53 Bloodlines
35:41 Scale Barding Armor
35:37 Scale Mail Armor
36:11 Husbandry
37:35 Hand Cart
37:34 Forging
37:26 Padded Archer Armor
42:01 Imperial Age
40:09 Chain Mail Armor
40:14 Chain Barding Armor
40:21 Fletching
41:10 Iron Casting
41:48 Leather Archer Armor
41:47 Elite Skirmisher
剑斜
10:52 Feudal Age
11:18 Double-Bit Axe
13:06 Horse Collar
16:26 Castle Age
17:33 Bow Saw
19:02 Crossbowman
19:38 Fletching
21:07 Wheelbarrow
20:18 Loom
20:19 Town Watch
21:41 Heavy Plow
22:56 Gold Mining
23:00 Stone Mining
29:45 Hand Cart
30:13 Stone Shaft Mining
31:12 Bodkin Arrow
31:18 Padded Archer Armor
34:48 Imperial Age
32:39 Thumb Ring
34:11 Ballistics
34:03 Masonry
34:14 Squires
34:02 Arson
34:41 Leather Archer Armor
34:33 Scale Barding Armor
34:39 Forging
35:19 Royal Heirs
35:31 Husbandry
36:13 Gold Shaft Mining
35:24 Arbalester
36:10 Bracer
37:17 Chemistry
36:49 Architecture
39:10 Conscription
39:03 Man-at-Arms
39:41 Long Swordsman
41:51 Ring Archer Armor
41:23 Scale Mail Armor
41:33 Forging
40:56 Two-Handed Swordsman
Pipoyaa
10:20 Feudal Age
14:48 Castle Age
13:04 Double-Bit Axe
14:07 Horse Collar
16:48 Bow Saw
17:04 Loom
22:56 Heavy Plow
24:10 Wheelbarrow
29:23 Imperial Age
27:26 Hand Cart
27:13 Fletching
27:34 Stone Mining
27:36 Gold Mining
27:59 Kasbah
28:53 Ballistics
28:45 Masonry
29:09 Town Watch
29:28 Bodkin Arrow
29:33 Padded Archer Armor
30:25 Bracer
31:27 Chemistry
31:18 Conscription
31:50 Leather Archer Armor
31:59 Husbandry
32:10 Bloodlines
32:09 Thumb Ring
32:33 Treadmill Crane
33:47 Elite Camel Archer
35:00 Caravan
35:18 Murder Holes
35:53 Maghrebi Camels
36:55 Crop Rotation
38:33 Scale Barding Armor
38:39 Forging
38:59 Ring Archer Armor
38:54 Town Patrol
38:54 Cavalier
40:04 Chain Barding Armor
41:06 Iron Casting
41:24 Siege Engineers
41:33 Fortified Wall
41:08 Arrowslits
hcenemod
0:32 Loom
10:21 Feudal Age
11:33 Double-Bit Axe
15:34 Castle Age
16:20 Horse Collar
24:01 Wheelbarrow
25:24 Hand Cart
26:01 Stone Mining
26:22 Gold Mining
26:57 Caravan
28:42 Stone Shaft Mining
28:45 Gold Shaft Mining
28:10 Fletching
28:20 Padded Archer Armor
31:26 Imperial Age
29:22 Bodkin Arrow
30:21 Leather Archer Armor
30:29 Forging
30:20 Scale Mail Armor
31:03 Bow Saw
30:58 Heavy Plow
31:37 Elite Chu Ko Nu
32:38 Conscription
33:06 Bracer
33:36 Ring Archer Armor
33:42 Iron Casting
33:22 Chain Mail Armor
33:43 Town Watch
33:50 Elite Fire Lancer
34:31 Squires
36:06 Two-Man Saw
36:33 Arson
37:50 Blast Furnace
38:18 Ballistics
38:59 Chemistry
40:34 Plate Mail Armor
NotGG
6:25 Loom
8:58 Feudal Age
13:58 Town Watch
17:01 Castle Age
16:04 Gold Mining
15:54 Horse Collar
18:10 Wheelbarrow
28:36 Stone Mining
29:24 Gold Shaft Mining
32:04 Imperial Age
30:47 Fletching
31:52 Bodkin Arrow
31:59 Padded Archer Armor
32:40 Town Patrol
32:55 Hand Cart
33:12 Bloodlines
33:33 Husbandry
33:55 Conscription
34:22 Bracer
35:32 Chemistry
35:13 Murder Holes
35:29 Masonry
35:24 Elite Arambai
40:48 Ballistics
41:11 Treadmill Crane
Ralf, o fareja noob
7:17 Loom
9:34 Feudal Age
10:29 Double-Bit Axe
10:25 Horse Collar
19:21 Castle Age
20:42 Stone Mining
21:32 Wheelbarrow
21:56 Bow Saw
22:17 Heavy Plow
24:18 Gold Mining
24:45 Hand Cart
28:43 Gold Shaft Mining
28:47 Stone Shaft Mining
29:16 Squires
29:01 Arson
29:17 Scale Mail Armor
29:28 Forging
30:14 Chain Mail Armor
33:00 Imperial Age
33:06 Elite Ghulam
33:51 Grand Trunk Road
34:13 Conscription
34:05 Forging
37:33 Iron Casting
37:01 Caravan
40:42 Blast Furnace
ink55
4:00 Loom
12:38 Feudal Age
13:19 Double-Bit Axe
13:17 Horse Collar
15:44 Champi Runner
16:31 Scale Mail Armor
21:14 Castle Age
19:31 Stone Mining
21:33 Forging
21:13 Fletching
21:12 Arson
22:29 Squires
24:09 Chain Mail Armor
24:57 Champi Warrior
26:33 Bow Saw
26:42 Gold Mining
29:08 Wheelbarrow
30:09 Heavy Plow
31:33 Gold Shaft Mining
35:21 Imperial Age
33:45 Hand Cart
33:22 Town Watch
34:32 Iron Casting
35:29 Ballistics
36:32 Conscription
36:46 Plate Mail Armor
35:52 Elite Champi Warrior
38:31 Blast Furnace
38:05 Fabric Shields
38:51 Bodkin Arrow
38:58 Padded Archer Armor
41:05 Bracer
41:21 Leather Archer Armor
41:56 Andean Sling
42:19 Caravan
42:37 Elite Kamayuk
Connection lost

Rejoining the realm…

Still unreachable

The connection could not be restored.

Session expired

The server has moved on; the page needs a fresh start.